 Dungeon Crawl Stone Soup version 0.27-a0-1456-gf5a116941d (webtiles) character file.

Game seed: 763014582888928570

35 unlimited1921 the Magician (level 3, -2/24 HPs)
             Began as a Demonspawn Hedge Wizard on July 7, 2021.
             Killed from afar by Natasha (10 damage)
             ... with a magic dart
             ... on level 2 of the Dungeon.
             The game lasted 00:26:27 (4608 turns).

unlimited1921 the Magician (DsWz)                   Turns: 4608, Time: 00:26:27

Health: -2/24      AC:  2    Str: 10    XL:     3   Next: 17%
Magic:  6/8        EV: 12    Int: 22    God:
Gold:   73         SH:  0    Dex: 12    Spells: 4/9 levels left

rFire    . . .     SeeInvis .   t - +2 dagger (drain)
rCold    . . .     Faith    .   (no shield)
rNeg     . . .     Spirit   .   b - +0 robe
rPois    .         Reflect  .   c - +0 hat
rElec    .         Harm     .   (no cloak)
rCorr    .         Rampage  .   (no gloves)
Will     .....                  (no boots)
Stlth    ++........             (no amulet)
HPRegen  0.08/turn              m - +6 ring of intelligence
MPRegen  0.11/turn              (no ring)

@: slowed, very slow
A: demonic magic 2
a: no special abilities


You were on level 2 of the Dungeon.
You visited 1 branch of the dungeon, and saw 3 of its levels.

You collected 73 gold pieces.

Inventory:

Hand Weapons
 a - a +0 dagger
 d - a +0 club
 q - a +0 dagger of flaming
 s - a +0 hunting sling
 t - a +2 dagger of draining (weapon)
Missiles
 i - 3 silver boomerangs (quivered)
 j - 16 bolts
 r - 22 stones
Armour
 b - a +0 robe (worn)
 c - a +0 hat (worn)
Jewellery
 m - a +6 ring of intelligence (left hand)
 u - a ring of ice
Scrolls
 e - a scroll of fear {unknown}
 f - a scroll of teleportation
 n - a scroll of magic mapping {unknown}
 p - a scroll of identify {unknown}
 w - a scroll of immolation {unknown}
Potions
 g - a potion of magic {unknown}
 h - 2 potions of mutation {unknown}
 k - a potion of berserk rage {unknown}
 l - 2 potions of curing
 o - a potion of flight {unknown}
 v - a potion of resistance {unknown}


   Skills:
 + Level 2.0 Dodging
 + Level 1.9 Stealth
 + Level 3.8 Spellcasting
 + Level 1.2 Conjurations
 + Level 1.0 Summonings
 + Level 1.0 Translocations


You had 4 spell levels left.
You knew the following spells:

 Your Spells              Type           Power      Damage    Failure   Level
a - Magic Dart            Conj           36%        1d4       7%          1
b - Slow                  Hex            4%         N/A       17%         2
c - Blink                 Tloc           N/A        N/A       11%         2

Your spell library contained the following spells:

 Spells                   Type           Power      Damage    Failure   Level
 Animate Skeleton         Necr           8%         N/A       12%         1
 Pain                     Necr           16%        1d4       12%         1
 Call Imp                 Summ           8%         N/A       12%         2
 Conjure Flame            Conj/Fire      6%         6-21      26%         3
 Mephitic Cloud           Conj/Pois/Air  6%         N/A       28%         3
 Vampiric Draining        Necr           2%         2d6       34%         3


Dungeon Overview and Level Annotations

Branches:
Dungeon (3/15)

Altars:

Annotations:
D:2 Natasha


Innate Abilities, Weirdness & Mutations

Spells you cast may paralyse nearby enemies.


Message History

You climb upwards.
There is a stone staircase leading down here.
You start resting.
HP restored.
You start waiting.
Done waiting.
There is a stone staircase leading down here.
You climb downwards.
Level annotation: Natasha Natasha casts a spell at you.
You feel yourself slow down.
There is a stone staircase leading up here.
You closely miss Natasha. Natasha closely misses you. Natasha claws you.
You hit Natasha. You drain Natasha.
Natasha is moderately wounded.
Natasha claws you.
You hit Natasha.
Natasha is severely wounded.
Natasha closely misses you. Natasha claws you.
You hit Natasha. You drain Natasha.
Natasha is almost dead.
Natasha barely misses you.
You miss Natasha.
Natasha is almost dead.
Natasha stares at you and mumbles some strange words.
You feel as though you will be slow longer.
Natasha stares at you and mumbles some strange words.
The magic dart hits you! Natasha claws you.
* * * LOW HITPOINT WARNING * * *
You climb upwards.
There is a stone staircase leading down here.
Casting: Magic Dart (safe; 7% risk of failure)
Confirm with . or Enter, or press ? or * to list all spells.
You blink.
Malevolent energies surge around you.
Natasha mewls in sadness.
Natasha casts a spell.
Natasha stares at you and mumbles some strange words.
The magic dart hits you!
You die...

#......# ##### #......#####...###
#......##.........
#......##...######
######......##......###
#....'......##........#
#####...##.................
#.......##..........####...
###'##....##@..)......## ###.
#####...<.....##...........# ##
..............##......#....# #
####..........##5.....#....#
#####.........##.h....#....######
##..'.........####...............
##.##.........# #>..............
##.########...# #.#........#....
...# #...# #.##########.###


You could see Natasha (drained) and a crimson imp (summoned).

Vanquished Creatures
  2 orcs (D:2)
  5 ball pythons
  3 endoplasms (D:1)
  2 giant cockroaches
  5 goblins
  A hobgoblin (D:2)
  2 kobolds (D:2)
  A quokka (D:1)
  5 bats
  3 frilled lizards (D:1)
  2 rats (D:1)
31 creatures vanquished.

Notes
Turn   | Place    | Note
-------+----------+-------------------------------------------
     0 | D:1      | unlimited1921 the Demonspawn Hedge Wizard began the quest
                  | for the Orb.
     0 | D:1      | Reached XP level 1. HP: 13/13 MP: 4/4
   517 | D:1      | Found a faded altar of an unknown god.
  1062 | D:1      | Gained mutation: Spells you cast may paralyse adjacent
                  | enemies. [demonic ancestry]
  1062 | D:1      | Reached XP level 2. HP: 19/19 MP: 3/6
  1193 | D:1      | Learned a level 2 spell: Slow
  1196 | D:1      | Learned a level 2 spell: Blink
  2054 | D:1      | Reached skill level 1 in Translocations
  3008 | D:2      | Gained mutation: Spells you cast may paralyse nearby
                  | enemies. [demonic ancestry]
  3008 | D:2      | Reached XP level 3. HP: 24/24 MP: 0/8
  4286 | D:3      | Noticed Natasha
  4608 | D:2      | Killed from afar by Natasha

Illustrated notes

Levels and vault maps discovered:
D:1:      saegor_arrival_simple_c, layout_loops_ring,
          chequers_ecumenical_altar_grove
D:2:      layout_basic, serial_curves, eino_curves_04, eino_curves_02,
          eino_curves_01, eino_curves_02, dk_noncrumbling_2, minmay_pentomino_u4
D:3:      layout_basic, uniq_crazy_yiuf_cottage, uniq_jessica, uniq_natasha,
          uniq_sigmund

Skill      XL: |  1  2 |
---------------+-------+-----
Dodging        | 2 |  2.0
Translocations | 1 |  1.0
Stealth        | |  1.9
Spellcasting   | |  3.8
Conjurations   | |  1.2
Summonings     | |  1.0

Action                   || total
-------------------------++-------
Melee: Dagger            ||    25
 Cast: Magic Dart        ||    71
       Blink             ||     4
  Use: Scroll            ||     1
 Stab: Paralysed         ||     1
Armor: Robe              ||     4
Dodge: Dodged            ||    26

Table legend: (Time is in decaauts)
 A = Elapsed time spent in this place.
 B = Non-inter-level travel time spent in this place.
 C = Inter-level travel time spent in this place.
 D = Time resting spent in this place.
 E = Time spent auto-exploring this place.
 F = Levels seen in this place.
 G = Mean time per level.
                   A        B        C        D        E       F      G
               +--------+--------+--------+--------+--------+-----+--------+
         Total |   4615 |   3000 |   1615 |   2747 |      0 |   3 | 1538.3 |
       Dungeon |   4615 |   3000 |   1615 |   2747 |      0 |   3 | 1538.3 |
               +--------+--------+--------+--------+--------+-----+--------+

Top non-repeatable levels by time:
     D:1: 2596 daAuts
     D:2: 1986 daAuts
     D:3: 33 daAuts
